 Dungeon Crawl Stone Soup version 0.31.0-32-g396128a36d (webtiles) character file.

Game seed: 2810531060915453213

16172 thiscave3701365 the Cleaver (level 12, -6/97 HPs)
             Began as a Gnoll Berserker on Feb 22, 2024.
             Was a High Priest of Trog.
             Mangled by a catoblepas (9 damage)
             ... while petrified by a catoblepas
             ... on level 13 of the Dungeon on Mar 29, 2024.
             The game lasted 00:49:51 (12636 turns).

thiscave3701365 the Cleaver (Gnoll Berserker)      Turns: 12636, Time: 00:49:51

Health: -6/97      AC: 21    Str: 24    XL:     12   Next: 34%
Magic:  23/23      EV:  2    Int:  8    God:    Trog [*****.]
Gold:   888        SH:  0    Dex: 15    Spells: 25/25 levels left

rFire   . . .        M - +3 great mace (flame)
rCold   + . .        (shield currently unavailable)
rNeg    + + +        a - +0 plate armour
rPois   ∞            w - +0 hat of Vyxaen {rC- rN+ Str+4}
rElec   .            s - +1 cloak
rCorr   .            N - +0 pair of gloves
SInv    +            O - +2 pair of boots
Will    .....        r - amulet of regeneration Stlth
                     E - ring "Xaavigaj" {*Corrode rC++ rN+ Dex+3 SInv}
HPRegen 1.16/turn    o - +4 ring of slaying
MPRegen 0.18/turn

%: corrode self (3%)
@: petrified, on berserk cooldown, slowed
A: fangs 1, strong nose, distributed training
a: Renounce Religion, Berserk, Trog's Hand, Brothers in Arms


You were on level 13 of the Dungeon.
You worshipped Trog.
Trog was extremely pleased with you.
You visited 1 branch of the dungeon, and saw 13 of its levels.

You collected 1028 gold pieces.
You spent 140 gold pieces at shops.

Inventory:

Hand Weapons
 k - the +1 trident of the Tooth {freeze, rN+}
   (You found it on level 2 of the Dungeon)

   rN+:       It protects you from negative energy.
 p - the +5 arbalest of Reof {penet, Fly rElec rPois}
   (You acquired it on level 4 of the Dungeon)

   rElec:     It insulates you from electricity.
   rPois:     It protects you from poison Fly: It grants you flight.
 G - a +4 battleaxe of draining
 M - a +3 great mace of flaming (weapon)
Missiles
 u - 2 throwing nets
Armour
 a - a +0 plate armour (worn)
 s - a +1 cloak (worn)
 w - the +0 hat of Vyxaen (worn) {rC- rN+ Str+4}
   (You found it on level 5 of the Dungeon)

   Str+4:     It affects your strength (+4).
   rC-:       It makes you vulnerable to cold.
   rN+:       It protects you from negative energy.
 H - a +0 kite shield
 N - a +0 pair of gloves (worn)
 O - a +2 pair of boots (worn)
Jewellery
 g - an amulet of guardian spirit
 h - a ring of resist corrosion
 j - a ring of willpower
 o - a +4 ring of slaying (right hand)
 r - an amulet of regeneration (around neck)
 z - a ring of see invisible
 E - the ring "Xaavigaj" (left hand) {*Corrode rC++ rN+ Dex+3 SInv}
   (You found it on level 7 of the Dungeon)

   [ring of positive energy]

   Dex+3:     It affects your dexterity (+3).
   rC++:      It greatly protects you from cold.
   rN+:       It protects you from negative energy.
   SInv:      It lets you see invisible.
   *Corrode:  It may corrode you when you take damage.
Talismans
 t - a flux talisman
Wands
 q - a wand of acid (26)
 y - a wand of charming (10)
 B - a wand of iceblast (22)
 F - a wand of digging (8)
 K - a wand of flame (28)
Scrolls
 n - 4 scrolls of enchant weapon
 v - a scroll of enchant armour
 A - 2 scrolls of immolation
 J - a scroll of vulnerability
Potions
 b - 2 potions of mutation
 c - 2 potions of degeneration
 d - 4 potions of heal wounds
 e - 2 potions of might
 f - 3 potions of invisibility
 i - 14 potions of curing
 m - a potion of ambrosia {unknown}
 x - 2 potions of haste
 C - a potion of enlightenment {unknown}
 D - a potion of magic {unknown}
 I - 2 potions of attraction
 L - 3 potions of cancellation


   Skills:
 + Level 10.0 Fighting
 + Level 7.4 Short Blades
 + Level 7.4 Long Blades
 + Level 10.0 Axes
 + Level 7.4 Maces & Flails
 + Level 7.4 Polearms
 + Level 7.4 Staves
 + Level 7.4 Ranged Weapons
 + Level 7.4 Throwing
 + Level 8.8 Armour
 + Level 8.8 Dodging
 + Level 7.4 Stealth
 + Level 7.4 Shields
 + Level 7.4 Unarmed Combat
 + Level 7.4 Spellcasting
 + Level 6.2 Conjurations
 + Level 6.2 Hexes
 + Level 6.2 Summonings
 + Level 6.2 Necromancy
 + Level 6.2 Translocations
 + Level 6.2 Fire Magic
 + Level 6.2 Ice Magic
 + Level 6.2 Air Magic
 + Level 6.2 Earth Magic
 + Level 6.2 Alchemy
 + Level 8.2 Invocations
 + Level 7.4 Evocations
 + Level 6.8 Shapeshifting


You had 25 spell levels left.
You didn't know any spells.
Your spell library was empty.

Dungeon Overview and Level Annotations

Branches:
Dungeon (13/15)            Temple (0/1) D:7            Lair (0/5) D:8
    Orc (0/2) D:12
 Vaults: D:13-14

Altars:
Ashenzari
Cheibriados
Dithmenos
Fedhas
Gozag
Makhleb
Okawaru
Qazlal
Sif Muna
Uskayaw
Vehumet
Xom
Yredelemnul
Zin

Shops:
D:3 *   D:10 =   D:12 !(((!

Annotations:
D:10 3 runed translucent doors, tymior's ghost, journeyman MiDe


Innate Abilities, Weirdness & Mutations

You have very sharp teeth.
Your uncanny sense of smell can sniff out nearby items.
Your experience applies equally to all skills.


Message History

The catoblepas gores you but does no damage.
You turn to flesh and can move again.
You completely miss the catoblepas.
The catoblepas is heavily wounded.
The catoblepas barely misses you.
The catoblepas breathes a plume of calcifying dust at you.
The blast of calcifying dust hits you.
* * * LOW HITPOINT WARNING * * *
Unknown command.
You sock the catoblepas! You burn the catoblepas.
You bite the catoblepas, but do no damage.
The catoblepas is severely wounded.
You are engulfed in calcifying dust.
The catoblepas gores you but does no damage.
The catoblepas gores you!
* * * LOW HITPOINT WARNING * * *
Okay, then.
You feel much better.
You are engulfed in calcifying dust.
The catoblepas gores you!
You are engulfed in calcifying dust.
You are slowing down.
The catoblepas attacks as it pursues you!
The catoblepas gores you!
* * * LOW HITPOINT WARNING * * *
You are engulfed in calcifying dust.
Your limbs have turned to stone.
The catoblepas gores you!
* * * LOW HITPOINT WARNING * * *
The catoblepas breathes a plume of calcifying dust at you.
The blast of calcifying dust hits you but does no damage.
You have turned to stone.
The catoblepas gores you!
* * * LOW HITPOINT WARNING * * *
The catoblepas gores you!
* * * LOW HITPOINT WARNING * * *
The catoblepas gores you!
* * * LOW HITPOINT WARNING * * *
The catoblepas gores you.
* * * LOW HITPOINT WARNING * * *
The catoblepas gores you!!
You die...

#.# #.# #.#
#.# ####§##
#.....#
#...§.#
######...§.#
+....'...@.#
######...Y.#
####'## #..#
###.## #...#
#.### ...
..<.


You could see a catoblepas.

Vanquished Creatures
  A boulder beetle (D:11)
  A two-headed ogre (D:11)
  2 cyclopes
  An ugly thing (D:12)
  Maggie (D:7)
  A komodo dragon (D:10)
  An unseen horror (D:11)
  3 kobold demonologists
  2 trolls
  A wolf spider simulacrum (D:12)
  Grinder (D:4)
  A hornet (D:7)
  2 shadows
  3 wraiths
  2 wyverns
  13 yaks
  A steam dragon (D:5)
  14 vampire mosquitoes
  A two-headed ogre zombie (D:12)
  3 acid dragons
  2 water moccasins
  5 orc warriors
  Duvessa (D:4)
  3 ice beasts
  4 black bears
  8 centaurs
  3 ogres (D:5)
  3 phantoms
  8 kobold brigands
  5 bullfrogs
  3 scorpions (D:5)
  A gnoll sergeant (D:11)
  10 wights (D:9)
  2 troll zombies (D:12)
  Dowan (D:4)
  3 killer bees (D:10)
  2 howler monkeys
  Crazy Yiuf (D:2)
  4 hounds
  4 jellies
  A gnoll bouda (D:7)
  10 orc priests
  3 sleepcaps
  4 iguanas
  12 orc wizards
  5 ogre zombies (D:12)
  11 gnolls
  10 adders
  3 white imps
  8 ufetubi
  4 dart slugs
  24 orcs
  6 ball pythons
  4 bats
  5 endoplasms (D:1)
  4 giant cockroaches
  A gnoll zombie (D:12)
  5 goblins
  5 hobgoblins
  4 jackals (D:3)
  3 quokkas
  2 frilled lizards (D:3)
  3 gnoll skeletons (D:12)
  27 kobolds
  3 orc skeletons (D:12)
  18 orc zombies (D:12)
  6 rats
319 creatures vanquished.

Vanquished Creatures (others)
  An adder (D:5)
  A quokka (D:5)
2 creatures vanquished.

Grand Total: 321 creatures vanquished

Notes
Turn   | Place    | Note
-------+----------+-------------------------------------------
     0 | D:1      | thiscave3701365 the Gnoll Berserker began the quest for the
                  | Orb.
     0 | D:1      | Reached XP level 1. HP: 23/23 MP: 1/1
   216 | D:1      | Reached XP level 2. HP: 28/29 MP: 2/2
   600 | D:1      | Reached XP level 3. HP: 30/35 MP: 3/3
   775 | D:1      | Reached ** piety under Trog
   955 | D:2      | Found a faded altar of an unknown god.
  1186 | D:2      | Reached skill level 1 in Invocations
  1260 | D:2      | Found a runed translucent door.
  1261 | D:2      | Noticed Crazy Yiuf
  1482 | D:2      | Identified the +1 trident of the Tooth {freeze, rN+}
  1902 | D:2      | Upgraded the game from 0.31.0-12-g77e489cdc1 to
                  | 0.31.0-32-g396128a36d
  2178 | D:3      | Reached skill level 1 in Short Blades
  2178 | D:3      | Reached skill level 1 in Long Blades
  2178 | D:3      | Reached skill level 1 in Maces & Flails
  2178 | D:3      | Reached skill level 1 in Polearms
  2178 | D:3      | Reached skill level 1 in Staves
  2178 | D:3      | Reached skill level 1 in Ranged Weapons
  2178 | D:3      | Reached skill level 1 in Throwing
  2178 | D:3      | Reached skill level 1 in Stealth
  2178 | D:3      | Reached skill level 1 in Shields
  2178 | D:3      | Reached skill level 1 in Unarmed Combat
  2178 | D:3      | Reached skill level 1 in Spellcasting
  2178 | D:3      | Reached skill level 1 in Evocations
  2238 | D:3      | Reached skill level 1 in Shapeshifting
  2238 | D:3      | Reached XP level 4. HP: 27/41 MP: 5/5
  2379 | D:3      | Reached skill level 1 in Conjurations
  2379 | D:3      | Reached skill level 1 in Hexes
  2379 | D:3      | Reached skill level 1 in Summonings
  2379 | D:3      | Reached skill level 1 in Necromancy
  2379 | D:3      | Reached skill level 1 in Translocations
  2379 | D:3      | Reached skill level 1 in Fire Magic
  2379 | D:3      | Reached skill level 1 in Ice Magic
  2379 | D:3      | Reached skill level 1 in Air Magic
  2379 | D:3      | Reached skill level 1 in Earth Magic
  2379 | D:3      | Reached skill level 1 in Alchemy
  2420 | D:3      | Found Zin's Purification Station.
  2420 | D:3      | Found a glowing silver altar of Zin.
  2633 | D:3      | You fall into a shaft and drop 2 floors!
  2633 | D:5      | Entered Level 5 of the Dungeon
  2718 | D:5      | Noticed a scorpion
  2723 | D:5      | Killed a scorpion
  2724 | D:5      | Reached XP level 5. HP: 47/47 MP: 5/7
  3036 | D:4      | Noticed Grinder
  3046 | D:4      | Killed Grinder
  3047 | D:4      | Reached skill level 5 in Armour
  3047 | D:4      | Reached skill level 5 in Dodging
  3047 | D:4      | Reached XP level 6. HP: 53/53 MP: 7/9
  3190 | D:4      | Noticed Duvessa
  3190 | D:4      | Noticed Dowan
  3198 | D:4      | Killed Duvessa
  3199 | D:4      | Reached XP level 7. HP: 49/60 MP: 10/10
  3203 | D:4      | Killed Dowan
  4024 | D:2      | Killed Crazy Yiuf
  4157 | D:5      | Reached XP level 8. HP: 40/67 MP: 12/12
  4260 | D:5      | Identified the +0 hat of Vyxaen {rC- rN+ Str+4}
  5574 | D:5      | Reached XP level 9. HP: 73/73 MP: 14/14
  5632 | D:4      | Identified 2 scrolls of acquirement
  5673 | D:4      | Acquired a +4 ring of slaying
  5676 | D:4      | Acquired the +5 arbalest of Reof {penet, Fly rElec rPois}
  6095 | D:6      | Found a hide-covered altar of Uskayaw.
  6234 | D:6      | Reached *** piety under Trog
  6342 | D:6      | Found a broken altar of Ashenzari.
  6344 | D:6      | Found an iron altar of Okawaru.
  6390 | D:6      | Found a radiant altar of Vehumet.
  6690 | D:7      | Reached skill level 5 in Invocations
  6864 | D:7      | Found a burning altar of Makhleb.
  7010 | D:7      | Identified the ring "Xaavigaj" {*Corrode rC++ rN+ Dex+3
                  | SInv}
  7099 | D:7      | Noticed a hornet
  7104 | D:7      | Killed a hornet
  7121 | D:7      | Found a staircase to the Ecumenical Temple.
  7169 | D:7      | Noticed Maggie
  7180 | D:7      | Killed Maggie
  7181 | D:7      | Reached skill level 5 in Short Blades
  7181 | D:7      | Reached skill level 5 in Long Blades
  7181 | D:7      | Reached skill level 5 in Maces & Flails
  7181 | D:7      | Reached skill level 5 in Polearms
  7181 | D:7      | Reached skill level 5 in Staves
  7181 | D:7      | Reached skill level 5 in Ranged Weapons
  7181 | D:7      | Reached skill level 5 in Throwing
  7181 | D:7      | Reached skill level 5 in Stealth
  7181 | D:7      | Reached skill level 5 in Shields
  7181 | D:7      | Reached skill level 5 in Unarmed Combat
  7181 | D:7      | Reached skill level 5 in Spellcasting
  7181 | D:7      | Reached skill level 5 in Evocations
  7181 | D:7      | Reached XP level 10. HP: 11/81 MP: 17/17
  7352 | D:7      | Found a shadowy altar of Dithmenos.
  7514 | D:7      | Noticed a balrug
  7729 | D:8      | Reached **** piety under Trog
  7768 | D:8      | Found an opulent altar of Gozag.
  7823 | D:8      | Found a staircase to the Lair.
  7881 | D:8      | Noticed a cyclops
  7889 | D:8      | Killed a cyclops
  7894 | D:8      | Reached skill level 5 in Shapeshifting
  7931 | D:8      | Found a shimmering altar of Xom.
  8202 | D:9      | Found a stormy altar of Qazlal.
  8833 | D:9      | Found a basalt altar of Yredelemnul.
  8872 | D:9      | Reached skill level 5 in Conjurations
  8872 | D:9      | Reached skill level 5 in Hexes
  8872 | D:9      | Reached skill level 5 in Summonings
  8872 | D:9      | Reached skill level 5 in Necromancy
  8872 | D:9      | Reached skill level 5 in Translocations
  8872 | D:9      | Reached skill level 5 in Fire Magic
  8872 | D:9      | Reached skill level 5 in Ice Magic
  8872 | D:9      | Reached skill level 5 in Air Magic
  8872 | D:9      | Reached skill level 5 in Earth Magic
  8872 | D:9      | Reached skill level 5 in Alchemy
  9121 | D:9      | Found a shimmering blue altar of Sif Muna.
  9375 | D:9      | Reached XP level 11. HP: 89/89 MP: 20/20
  9662 | D:10     | Entered Level 10 of the Dungeon
  9673 | D:10     | Reached ***** piety under Trog
  9688 | D:10     | Found a blossoming altar of Fedhas.
  9844 | D:10     | Found a shadowy altar of Dithmenos.
  9901 | D:10     | Found a runed translucent gate.
  9901 | D:10     | Found a runed translucent gate.
  9901 | D:10     | Found a runed translucent gate.
 10019 | D:10     | Found Kiguyzik's Jewellery Emporium.
 10130 | D:10     | Found a snail-covered altar of Cheibriados.
 10235 | D:10     | Noticed tymior's ghost (journeyman MiDe)
 10963 | D:11     | Noticed a boulder beetle
 10984 | D:11     | Killed a boulder beetle
 11161 | D:11     | Noticed a two-headed ogre
 11168 | D:11     | Killed a two-headed ogre
 11258 | D:11     | Noticed a cyclops
 11266 | D:11     | Killed a cyclops
 11267 | D:11     | Reached XP level 12. HP: 87/97 MP: 22/22
 11418 | D:12     | Noticed a sun demon
 11538 | D:12     | Found Nothopnaily's Distillery.
 11593 | D:12     | Found Raihoplu's Weapon Shop.
 11644 | D:12     | Reached skill level 10 in Fighting
 11644 | D:12     | Reached skill level 10 in Axes
 12011 | D:12     | Found a staircase to the Orcish Mines.
 12015 | D:12     | Received a gift from Trog
 12085 | D:12     | Found Moleec's Distillery.
 12112 | D:12     | Bought a potion of heal wounds for 50 gold pieces
 12112 | D:12     | Bought a potion of curing for 30 gold pieces
 12112 | D:12     | Bought a potion of curing for 30 gold pieces
 12112 | D:12     | Bought a potion of curing for 30 gold pieces
 12140 | D:12     | Found Joqauhus's Weapon Shoppe.
 12174 | D:12     | Found Ocloefemp's Antique Weapon Emporium.
 12206 | D:12     | Found a blossoming altar of Fedhas.
 12588 | D:13     | Noticed a catoblepas
 12634 | D:13     | HP: 4/97 [catoblepas (6)]
 12636 | D:13     | Mangled by a catoblepas

Illustrated notes

Levels and vault maps discovered:
D:1:      amcnicky_arrival_wind_blow, layout_basic, dreamdust_princess_bridge
D:2:      layout_basic, basic_ecumenical_altar, uniq_crazy_yiuf_cottage
D:3:      layout_loops_cross, zin_purify
D:4:      dreamdust_elfheim, layout_cave_pools, kennysheep_generic_room_13,
          uniq_duvessa, uniq_grinder
D:5:      minmay_chambers_of_threes, layout_loops_ring
D:6:      layout_loops_ring, eat_drink_and_be_merry_uskayaw,
          gammafunk_temple_overflow_forgotten
D:7:      layout_loops_ring, makhleb_altar_promises_db,
          nicolae_dithmenos_the_darkroom, minmay_temple_entry_sparse_star,
          uniq_maggie
D:8:      layout_cave_pools, xom_butterflies, mainiacjoe_overflow_24_doors,
          lair_entry_dummy
D:9:      layout_big_octagon, mainiacjoe_overflow_small_starburst,
          nicolae_qazlal_scattered_showers, lemuel_blue_sif_altar, minivault_10
D:10:     layout_basic, chei_slow_surprise, gammafunk_ghost_icy, serial_shops,
          shop, grunt_decor_resistance, palyth_stone_intersect,
          hangedman_feature_mirror
D:11:     layout_cave_pools
D:12:     layout_cave_pools, zombieorc2_lemuel, serial_shops, shop,
          nicolae_inconvenience_store, nicolae_shop_industrial_runoff,
          nicolae_shop_behind_doors, nicolae_shop_competitors_out_of_business,
          fedhas_altar_4
D:13:     layout_roguey, grunt_vaults_entry_tiered, uniq_kirke

Skill      XL: |  1  2  3  4  5  6  7  8  9 10 11 12 |
---------------+-------------------------------------+-----
Invocations    | 1 2 3 4 5 6 7 8 |  8.2
Short Blades   | 1 2 3 5 6 7 |  7.4
Long Blades    | 1 2 3 5 6 7 |  7.4
Maces & Flails | 1 2 3 5 6 7 |  7.4
Polearms       | 1 2 3 5 6 7 |  7.4
Staves         | 1 2 3 5 6 7 |  7.4
Ranged Weapons | 1 2 3 5 6 7 |  7.4
Throwing       | 1 2 3 5 6 7 |  7.4
Stealth        | 1 2 3 5 6 7 |  7.4
Shields        | 1 2 3 5 6 7 |  7.4
Unarmed Combat | 1 2 3 5 6 7 |  7.4
Spellcasting   | 1 2 3 5 6 7 |  7.4
Evocations     | 1 2 3 5 6 7 |  7.4
Shapeshifting  | 1 2 3 4 5 6 |  6.8
Conjurations   | 1 2 3 4 5 6 |  6.2
Hexes          | 1 2 3 4 5 6 |  6.2
Summonings     | 1 2 3 4 5 6 |  6.2
Necromancy     | 1 2 3 4 5 6 |  6.2
Translocations | 1 2 3 4 5 6 |  6.2
Fire Magic     | 1 2 3 4 5 6 |  6.2
Ice Magic      | 1 2 3 4 5 6 |  6.2
Air Magic      | 1 2 3 4 5 6 |  6.2
Earth Magic    | 1 2 3 4 5 6 |  6.2
Alchemy        | 1 2 3 4 5 6 |  6.2
Armour         | 5 6 7 8 |  8.8
Dodging        | 5 6 7 8 |  8.8
Fighting       | 7 8 9 10 | 10.0
Axes           | 7 8 9 10 | 10.0

Action                     |  1- 3 |  4- 6 |  7- 9 | 10-12 || total
---------------------------+-------+-------+-------+-------++-------
  Melee: Hand axe          |    98 |       |       |       ||    98
         Bite              |     7 |       |    21 |    21 ||    49
         Trident           |    28 |    72 |   167 |    32 ||   299
         Punch             |       |     1 |     3 |       ||     4
         Battleaxe         |       |       |       |   162 ||   162
         Great mace        |       |       |       |    26 ||    26
   Fire: Arbalest          |       |       |    94 |   208 ||   302
 Invoke: Berserk           |     1 |     3 |     7 |     7 ||    18
    Use: Scroll            |     2 |       |    10 |    10 ||    22
         Potion            |       |       |       |     3 ||     3
   Stab: Sleeping          |     2 |       |       |       ||     2
 Armour: Animal skin       |    49 |       |       |       ||    49
         Chain mail        |    27 |    64 |   231 |   165 ||   487
         Plate armour      |       |       |       |   377 ||   377
  Dodge: Dodged            |    77 |    29 |   155 |   318 ||   579
